| TOP OF THE 1ST |
|
Salem-Keizer Volcanoes batting - Pitching for Boise Hawks : RHP Julio Marquez
|
|
Pitching: RHP Julio Marquez
|
|
|
Batting: LHB Adrian Navarro
|
0-0: Ball 1-0: Called Strike 1-1: Swinging Strike 1-2: Strikes out swinging
|
|
Batting: LHB Kuan Hsia
|
0-0: Ground out 4-3 (Groundball, 4M, EV 102.5 MPH)
|
|
Batting: LHB Eddie Lemus
|
0-0: Ball 1-0: Ball 2-0: Ball 3-0: Foul Ball, location: 2F 3-1: Base on Balls
|
|
Batting: RHB Ricky Aguilar
|
0-0: Foul Ball, location: 2F 0-1: Ball 1-1: Called Strike 1-2: Strikes out swinging
|
| Top of the 1st over - 0 runs, 0 hits, 0 errors, 1 left on base; Salem-Keizer 0 - Boise 0 |
| BOTTOM OF THE 1ST |
|
Boise Hawks batting - Pitching for Salem-Keizer Volcanoes : LHP Jeff Briggs
|
|
Pitching: LHP Jeff Briggs
|
|
|
Batting: LHB Jerry Santana
|
0-0: Called Strike 0-1: Called Strike 0-2: Ground out 4-3 (Groundball, 4, EV 99.4 MPH)
|
|
Batting: SHB Justin Jackson
|
0-0: Ball 1-0: Ball 2-0: Foul Ball, location: 2F 2-1: Swinging Strike 2-2: Strikes out swinging
|
|
Batting: RHB Wali Mulogo
|
0-0: Swinging Strike 0-1: SINGLE (Groundball, 34S, EV 63.1 MPH) (infield hit)
|
|
Batting: SHB Chris Besselman
|
0-0: Ball 1-0: Foul Ball, location: 2F 1-1: Foul Ball, location: 2F 1-2: Ball 2-2: Foul Ball, location: 2F 2-2: Ball Wali Mulogo is caught stealing 2nd base 2-4
|
| Bottom of the 1st over - 0 runs, 1 hit, 0 errors, 0 left on base; Salem-Keizer 0 - Boise 0 |
| TOP OF THE 2ND |
|
Salem-Keizer Volcanoes batting - Pitching for Boise Hawks : RHP Julio Marquez
|
|
Batting: SHB Hector Jimenez
|
0-0: Called Strike 0-1: Ball 1-1: Swinging Strike 1-2: Ball 2-2: Ground out 5-3 (Groundball, 5, EV 84.4 MPH)
|
|
Batting: RHB Soichi Kaneshiro
|
0-0: Ball 1-0: Foul Ball, location: 2F 1-1: Swinging Strike 1-2: Strikes out swinging
|
|
Batting: SHB Michael Woodard
|
0-0: Ground out 6-3 (Groundball, 6S, EV 70.6 MPH)
|
| Top of the 2nd over - 0 runs, 0 hits, 0 errors, 0 left on base; Salem-Keizer 0 - Boise 0 |
| BOTTOM OF THE 2ND |
|
Boise Hawks batting - Pitching for Salem-Keizer Volcanoes : LHP Jeff Briggs
|
|
Batting: SHB Chris Besselman
|
0-0: Called Strike 0-1: Ball 1-1: Ball 2-1: SINGLE (Groundball, 6M, EV 95.6 MPH)
|
|
Batting: RHB Dan Hoffman
|
0-0: Called Strike 0-1: Ball 1-1: Swinging Strike 1-2: Ball Passed Ball! Chris Besselman to second 2-2: Strikes out swinging
|
|
Batting: LHB Georges Lambert
|
0-0: Ball 1-0: Ground out 5-3 (Groundball, 56, EV 90.0 MPH)
|
|
Batting: RHB Willie Benito
|
0-0: Swinging Strike 0-1: Ball 1-1: Ball 2-1: Fly out, F8 (Line Drive, 8LM, EV 98.1 MPH)
|
| Bottom of the 2nd over - 0 runs, 1 hit, 0 errors, 1 left on base; Salem-Keizer 0 - Boise 0 |
| TOP OF THE 3RD |
|
Salem-Keizer Volcanoes batting - Pitching for Boise Hawks : RHP Julio Marquez
|
|
Batting: SHB Wally Dethridge
|
0-0: Ball 1-0: Ball 2-0: Swinging Strike 2-1: Foul Ball, location: 2F 2-2: Strikes out swinging
|
|
Batting: SHB Justin Tidwell
|
0-0: Foul Ball, location: 2F 0-1: Ball 1-1: Ball 2-1: Foul Ball, location: 2F 2-2: Strikes out swinging
|
|
Batting: LHB Adrian Navarro
|
0-0: Ball 1-0: Foul Ball, location: 2F 1-1: Called Strike 1-2: Strikes out swinging
|
| Top of the 3rd over - 0 runs, 0 hits, 0 errors, 0 left on base; Salem-Keizer 0 - Boise 0 |
| BOTTOM OF THE 3RD |
|
Boise Hawks batting - Pitching for Salem-Keizer Volcanoes : LHP Jeff Briggs
|
|
Batting: RHB Gashie Chimsima
|
0-0: Ball 1-0: Swinging Strike 1-1: Ball 2-1: Ball 3-1: Base on Balls
|
|
Batting: RHB Aaron Burnet
|
0-0: Ball 1-0: Ball Gashie Chimsima steals 2nd base 2-0: Foul Ball, location: 2F 2-1: Ball 3-1: Swinging Strike 3-2: Fly out, F4 (Line Drive, 34D, EV 65.0 MPH)
|
|
Batting: LHB Jerry Santana
|
0-0: Called Strike Gashie Chimsima steals 3rd base 0-1: Swinging Strike Passed Ball! Gashie Chimsima scores 0-2: Strikes out looking
|
|
Batting: SHB Justin Jackson
|
0-0: Ball 1-0: Ball 2-0: Called Strike 2-1: Ball 3-1: SINGLE (Groundball, 4M, EV 107.5 MPH)
|
|
Batting: RHB Wali Mulogo
|
0-0: Ball 1-0: Ball Passed Ball! Justin Jackson to second 2-0: Swinging Strike 2-1: Ball 3-1: Foul Ball, location: 2F 3-2: Foul Ball, location: 2F 3-2: Base on Balls
|
|
Batting: SHB Chris Besselman
|
0-0: Fielders Choice at 2nd, 6-4 (Groundball, 6, EV 88.1 MPH)
|
| Bottom of the 3rd over - 1 run, 1 hit, 0 errors, 2 left on base; Salem-Keizer 0 - Boise 1 |
| TOP OF THE 4TH |
|
Salem-Keizer Volcanoes batting - Pitching for Boise Hawks : RHP Julio Marquez
|
|
Batting: LHB Kuan Hsia
|
0-0: Swinging Strike 0-1: Ball 1-1: Swinging Strike 1-2: Strikes out swinging
|
|
Batting: LHB Eddie Lemus
|
0-0: Ground out 4-3 (Groundball, 34, EV 84.4 MPH)
|
|
Batting: RHB Ricky Aguilar
|
0-0: Foul Ball, location: 2F 0-1: Ball 1-1: Called Strike 1-2: Strikes out swinging
|
| Top of the 4th over - 0 runs, 0 hits, 0 errors, 0 left on base; Salem-Keizer 0 - Boise 1 |
| BOTTOM OF THE 4TH |
|
Boise Hawks batting - Pitching for Salem-Keizer Volcanoes : LHP Jeff Briggs
|
|
Batting: RHB Dan Hoffman
|
0-0: Ball 1-0: Ground out U3 (Groundball, 34, EV 90.6 MPH)
|
|
Batting: LHB Georges Lambert
|
0-0: Called Strike 0-1: Ball 1-1: Ground out 6-3 (Groundball, 6, EV 101.9 MPH)
|
|
Batting: RHB Willie Benito
|
0-0: Ball 1-0: Foul Ball, location: 2F 1-1: Called Strike 1-2: Ball 2-2: Ball 3-2: Ground out U3 (Groundball, 13, EV 84.4 MPH)
|
| Bottom of the 4th over - 0 runs, 0 hits, 0 errors, 0 left on base; Salem-Keizer 0 - Boise 1 |
| TOP OF THE 5TH |
|
Salem-Keizer Volcanoes batting - Pitching for Boise Hawks : RHP Julio Marquez
|
|
Batting: SHB Hector Jimenez
|
0-0: Swinging Strike 0-1: Fly out, F7 (Flyball, 7, EV 90.0 MPH)
|
|
Batting: RHB Soichi Kaneshiro
|
0-0: Swinging Strike 0-1: Swinging Strike 0-2: Foul Ball, location: 2F 0-2: Hit by Pitch
|
|
Batting: SHB Michael Woodard
|
0-0: Ball Soichi Kaneshiro steals 2nd, throwing error, E2 Soichi Kaneshiro to third 1-0: Ball 2-0: Ball 3-0: Called Strike 3-1: SINGLE (Line Drive, 8RS, EV 104.4 MPH) Soichi Kaneshiro scores
|
|
Batting: SHB Wally Dethridge
|
0-0: Ball 1-0: Called Strike 1-1: Swinging Strike 1-2: Strikes out swinging
|
|
Batting: SHB Justin Tidwell
|
0-0: Ground out 4-3 (Groundball, 4, EV 107.5 MPH)
|
| Top of the 5th over - 1 run, 1 hit, 1 error, 1 left on base; Salem-Keizer 1 - Boise 1 |
| BOTTOM OF THE 5TH |
|
Boise Hawks batting - Pitching for Salem-Keizer Volcanoes : LHP Jeff Briggs
|
|
Batting: RHB Gashie Chimsima
|
0-0: Ball 1-0: Ball 2-0: Ball 3-0: Base on Balls
|
|
Batting: RHB Aaron Burnet
|
0-0: Fielders Choice at 2nd, 4-6 (Groundball, 4, EV 93.1 MPH)
|
|
Batting: LHB Jerry Santana
|
0-0: Called Strike 0-1: Ball Aaron Burnet steals 2nd base 1-1: SINGLE (Groundball, 6MD, EV 96.9 MPH) Aaron Burnet to third Throwing error, E8 Aaron Burnet scores Jerry Santana to second
|
|
Batting: SHB Justin Jackson
|
0-0: Called Strike 0-1: Ball 1-1: Called Strike 1-2: DOUBLE (Groundball, 5L, EV 104.4 MPH) Jerry Santana scores
|
|
Batting: RHB Wali Mulogo
|
0-0: Ball 1-0: Ball 2-0: Called Strike 2-1: Called Strike 2-2: Ball 3-2: Base on Balls
|
|
Batting: SHB Chris Besselman
|
0-0: Ball 1-0: Called Strike 1-1: Swinging Strike 1-2: Foul Ball, location: 2F 1-2: Grounds into double play, 6-4-3 (Groundball, 6, EV 103.1 MPH)
|
| Bottom of the 5th over - 2 runs, 2 hits, 1 error, 1 left on base; Salem-Keizer 1 - Boise 3 |
| TOP OF THE 6TH |
|
Salem-Keizer Volcanoes batting - Pitching for Boise Hawks : RHP Julio Marquez
|
|
Batting: LHB Adrian Navarro
|
0-0: Ball 1-0: Foul Ball, location: 2F 1-1: Called Strike 1-2: Strikes out swinging
|
|
Batting: LHB Kuan Hsia
|
0-0: Ball 1-0: Fly out, F5 (Popup, 5L, EV 65.6 MPH)
|
|
Batting: LHB Eddie Lemus
|
0-0: Foul Ball, location: 2F 0-1: Foul Ball, location: 2F 0-2: Ball 1-2: Strikes out swinging
|
| Top of the 6th over - 0 runs, 0 hits, 0 errors, 0 left on base; Salem-Keizer 1 - Boise 3 |
| BOTTOM OF THE 6TH |
|
Boise Hawks batting - Pitching for Salem-Keizer Volcanoes : LHP Jeff Briggs
|
|
Batting: RHB Dan Hoffman
|
0-0: Ball 1-0: Swinging Strike 1-1: Called Strike 1-2: Strikes out swinging
|
|
Batting: LHB Georges Lambert
|
0-0: Called Strike 0-1: Ball 1-1: Called Strike 1-2: Ball 2-2: Ground out 6-3 (Groundball, 6, EV 78.8 MPH)
|
|
Batting: RHB Willie Benito
|
0-0: Ball 1-0: SINGLE (Line Drive, 34D, EV 96.2 MPH)
|
|
Batting: RHB Gashie Chimsima
|
0-0: Foul Ball, location: 2F 0-1: Ball Wild Pitch! Willie Benito to second 1-1: Ball 2-1: Ground out 5-3 (Groundball, 56, EV 86.9 MPH)
|
| Bottom of the 6th over - 0 runs, 1 hit, 0 errors, 1 left on base; Salem-Keizer 1 - Boise 3 |
| TOP OF THE 7TH |
|
Salem-Keizer Volcanoes batting - Pitching for Boise Hawks : RHP Julio Marquez
|
|
Batting: RHB Ricky Aguilar
|
0-0: Ball 1-0: Called Strike 1-1: Ball 2-1: Foul Ball, location: 2F 2-2: Ball 3-2: Strikes out swinging
|
|
Batting: SHB Hector Jimenez
|
0-0: Fly out, F6 (Flyball, 56D, EV 88.1 MPH)
|
|
Batting: RHB Soichi Kaneshiro
|
0-0: Fly out, F8 (Flyball, 8RM, EV 96.9 MPH)
|
| Top of the 7th over - 0 runs, 0 hits, 0 errors, 0 left on base; Salem-Keizer 1 - Boise 3 |
| BOTTOM OF THE 7TH |
|
Boise Hawks batting - Pitching for Salem-Keizer Volcanoes : LHP Jeff Briggs
|
|
Pitching: RHP James Jenkins
|
|
|
Batting: RHB Aaron Burnet
|
0-0: Swinging Strike 0-1: SINGLE (Groundball, 4MD, EV 96.9 MPH)
|
|
Batting: LHB Jerry Santana
|
0-0: Called Strike Aaron Burnet steals 2nd base (no throw) 0-1: Ball 1-1: 2-RUN HOME RUN (Line Drive, 7LD, EV 96.2 MPH), Distance : 349 ft
|
|
Batting: SHB Justin Jackson
|
0-0: Called Strike 0-1: Foul Ball, location: 2F 0-2: Ball 1-2: SINGLE (Groundball, 34D, EV 105.0 MPH)
|
|
Batting: RHB Wali Mulogo
|
0-0: Grounds into double play, 4-6-3 (Groundball, 4, EV 109.4 MPH)
|
|
Batting: SHB Chris Besselman
|
0-0: Called Strike 0-1: Ball 1-1: Foul Ball, location: 2F 1-2: Ball 2-2: Ball 3-2: Base on Balls
|
|
Batting: RHB Dan Hoffman
|
0-0: Called Strike Chris Besselman steals 2nd, throwing error, E2 Chris Besselman to third 0-1: SINGLE (Line Drive, 8LS, EV 89.4 MPH) Chris Besselman scores
|
|
Pitching: RHP Edward Jones
|
|
|
Batting: LHB Georges Lambert
|
0-0: Called Strike Passed Ball! Dan Hoffman to second 0-1: Ball 1-1: SINGLE (Groundball, 56, EV 96.9 MPH) Dan Hoffman to third
|
|
Batting: RHB Willie Benito
|
0-0: Ball Wild Pitch! Dan Hoffman scores Georges Lambert to second 1-0: Called Strike 1-1: Called Strike 1-2: Foul Ball, location: 2F 1-2: SINGLE (Groundball, P, EV 91.2 MPH) (infield hit) Georges Lambert to third
|
|
Batting: RHB Gashie Chimsima
|
0-0: Called Strike 0-1: Swinging Strike 0-2: SINGLE (Line Drive, 8RS, EV 104.4 MPH) Georges Lambert scores Willie Benito to second
|
|
Batting: RHB Aaron Burnet
|
0-0: DOUBLE (Line Drive, 7LM, EV 103.8 MPH) Willie Benito scores Gashie Chimsima to third
|
|
Batting: LHB Jerry Santana
|
0-0: Called Strike 0-1: Ball 1-1: Ball Wild Pitch! Gashie Chimsima scores Aaron Burnet to third 2-1: SINGLE (Groundball, 56D, EV 101.2 MPH) (infield hit) Aaron Burnet scores
|
|
Pitching: RHP Carlos Solis
|
|
|
Pinch Hitting: RHB Brent Montagano
|
0-0: Called Strike 0-1: Fielders Choice at 2nd, 6-4 (Groundball, 6, EV 105.6 MPH)
|
| Bottom of the 7th over - 8 runs, 9 hits, 1 error, 1 left on base; Salem-Keizer 1 - Boise 11 |
| TOP OF THE 8TH |
|
Salem-Keizer Volcanoes batting - Pitching for Boise Hawks : RHP Julio Marquez
|
|
Pitching: LHP Mike Pierce
|
|
|
Now at 2B: Willie Benito
|
|
|
Now at 3B: Brent Montagano
|
|
|
Batting: SHB Michael Woodard
|
0-0: Ball 1-0: Ball 2-0: Ball 3-0: Base on Balls
|
|
Batting: SHB Wally Dethridge
|
0-0: Bunted foul 0-1: Bunt missed! 0-2: Bunt missed, Strikeout!
|
|
Batting: SHB Justin Tidwell
|
0-0: Ball 1-0: Ball 2-0: Ball 3-0: Called Strike 3-1: Bunt missed! 3-2: Bunt missed, Strikeout!
|
|
Batting: LHB Adrian Navarro
|
0-0: Fly out, F8 (Flyball, 8LS, EV 93.8 MPH)
|
| Top of the 8th over - 0 runs, 0 hits, 0 errors, 1 left on base; Salem-Keizer 1 - Boise 11 |
| BOTTOM OF THE 8TH |
|
Boise Hawks batting - Pitching for Salem-Keizer Volcanoes : RHP Carlos Solis
|
|
Batting: RHB Wali Mulogo
|
0-0: Ball 1-0: Ball 2-0: Ball 3-0: Called Strike 3-1: DOUBLE (Line Drive, 5D, EV 95.0 MPH)
|
|
Batting: SHB Chris Besselman
|
0-0: Ball 1-0: DOUBLE (Groundball, 3L, EV 101.9 MPH) Wali Mulogo scores
|
|
Batting: RHB Dan Hoffman
|
0-0: Called Strike 0-1: Ball 1-1: Foul Ball, location: 2F 1-2: Foul Ball, location: 2F 1-2: Ground out 6-3 (Groundball, 56, EV 109.4 MPH)
|
|
Batting: LHB Georges Lambert
|
0-0: Ball Passed Ball! Chris Besselman to third 1-0: Ground out 4-3 (Groundball, 4M, EV 99.4 MPH) Chris Besselman scores
|
|
Batting: RHB Willie Benito
|
0-0: Foul Ball, location: 2F 0-1: DOUBLE (Line Drive, 89XD, EV 107.5 MPH)
|
|
Pitching: LHP Ken Cromsie
|
|
|
Batting: RHB Gashie Chimsima
|
0-0: Ball 1-0: Foul Ball, location: 2F 1-1: Foul Ball, location: 2F 1-2: Foul Ball, location: 2F 1-2: Ball 2-2: Strikes out swinging
|
| Bottom of the 8th over - 2 runs, 3 hits, 0 errors, 1 left on base; Salem-Keizer 1 - Boise 13 |
| TOP OF THE 9TH |
|
Salem-Keizer Volcanoes batting - Pitching for Boise Hawks : LHP Mike Pierce
|
|
Batting: LHB Kuan Hsia
|
0-0: Ball 1-0: Ball 2-0: Foul Ball, location: 2F 2-1: Ground out 4-3 (Groundball, 34D, EV 99.4 MPH)
|
|
Batting: LHB Eddie Lemus
|
0-0: Called Strike 0-1: Ball 1-1: Ball 2-1: Foul Ball, location: 2F 2-2: Strikes out swinging
|
|
Batting: RHB Ricky Aguilar
|
0-0: SINGLE (Line Drive, 6D, EV 96.2 MPH)
|
|
Batting: SHB Hector Jimenez
|
0-0: Ball 1-0: Ball 2-0: Called Strike 2-1: Called Strike 2-2: Foul Ball, location: 2F 2-2: SINGLE (Groundball, 5D, EV 98.8 MPH) Ricky Aguilar to second
|
|
Batting: RHB Soichi Kaneshiro
|
0-0: Called Strike 0-1: Hit by Pitch Ricky Aguilar to third Hector Jimenez to second
|
|
Batting: SHB Michael Woodard
|
0-0: Ball 1-0: SINGLE (Groundball, 34D, EV 106.2 MPH) Ricky Aguilar scores Hector Jimenez to third Soichi Kaneshiro to second
|
|
Batting: SHB Wally Dethridge
|
0-0: Fielders Choice at 2nd, 6-4 (Groundball, 6, EV 88.8 MPH)
|
| Top of the 9th over - 1 run, 3 hits, 0 errors, 3 left on base; Salem-Keizer 2 - Boise 13 |
|